AoeStats
← NobelikoCL

Arabia

504145759Analyzed
2v2 RM · 27d ago on Sep 4, 2026· 69m 58s· 4 players
Game mode
Random Map
Map size
Medium (4 player)
Population
200
Speed
Normal
Resources
Standard
Victory
Conquest
Starting age
Dark Age
Ending age
Imperial Age
RankedLock teamsTeams togetherTeam positionsShared explorationLock speedFull tech treeHidden civsTurbo modeCheats
Victory
Defeat
🇲🇽 Franks · Mexico
642
+11
🇲🇽 Maya · Mexico
622
+12
🇨🇱 Bulgarians · Chile
551
-12
🇨🇱 Mongols · Chile
526
-11
NobelikoCL
0:44 Loom
10:50 Feudal Age
12:08 Wheelbarrow
11:56 Double-Bit Axe
14:42 Horse Collar
18:24 Stone Mining
21:23 Gold Mining
25:12 Castle Age
25:39 Forging
25:30 Scale Mail Armor
25:20 Pikeman
25:53 Arson
26:09 Squires
25:55 Gambesons
28:56 Bow Saw
28:36 Town Watch
30:14 Hand Cart
31:09 Iron Casting
30:50 Chain Mail Armor
32:40 Heavy Plow
34:16 Gold Shaft Mining
33:49 Town Patrol
34:18 Stirrups
37:51 Scale Barding Armor
42:57 Stone Shaft Mining
45:19 Imperial Age
44:27 Chain Barding Armor
44:32 Masonry
44:22 Murder Holes
46:42 Elite Konnik
50:23 Chemistry
49:55 Architecture
49:30 Padded Archer Armor
50:46 Capped Ram
55:45 Light Cavalry
56:35 Bloodlines
67:56 Conscription
mackay86
1:04 Loom
17:16 Feudal Age
18:36 Wheelbarrow
17:46 Horse Collar
17:55 Double-Bit Axe
22:55 Scale Mail Armor
25:09 Forging
24:49 Fletching
crazy84aac
12:14 Feudal Age
10:30 Loom
12:42 Double-Bit Axe
16:51 Forging
18:18 Wheelbarrow
27:48 Castle Age
25:34 Town Watch
32:11 Hand Cart
34:25 Bow Saw
46:06 Imperial Age
45:18 Gold Mining
48:20 Cavalier
49:05 Scale Mail Armor
49:11 Scale Barding Armor
49:42 Iron Casting
51:59 Chain Barding Armor
52:47 Paladin
62:01 Plate Barding Armor
62:26 Blast Furnace
AIOROS
0:26 Loom
11:09 Feudal Age
11:52 Double-Bit Axe
12:00 Horse Collar
19:06 Gold Mining
23:04 Castle Age
21:19 Fletching
21:29 Padded Archer Armor
24:44 Wheelbarrow
24:19 Bodkin Arrow
24:40 Leather Archer Armor
24:33 Thumb Ring
23:48 Crossbowman
25:55 Ballistics
30:05 Stone Mining
30:30 Bow Saw
32:25 Hand Cart
32:37 Fortified Wall
32:22 Murder Holes
32:08 Treadmill Crane
32:38 Masonry
33:34 Town Watch
35:37 Heavy Plow
37:28 Forging
37:18 Scale Mail Armor
37:39 Herbal Medicine
41:55 Imperial Age
41:46 Iron Casting
41:27 Chain Mail Armor
43:14 Conscription
44:54 Chemistry
43:56 Bracer
44:28 Ring Archer Armor
44:35 Architecture
46:15 Blast Furnace
46:42 Plate Mail Armor
47:16 Arbalester
48:46 Guilds
49:54 Stone Shaft Mining
50:26 Two-Man Saw
49:59 Crop Rotation
48:58 Pikeman
58:00 Holcans
56:57 Halberdier
57:00 Eagle Warrior
57:27 Arson
57:43 Squires
Connection lost

Rejoining the realm…

Still unreachable

The connection could not be restored.

Session expired

The server has moved on; the page needs a fresh start.